 Dungeon Sprint DCSS version 0.29-a0-819-g94b489e0ae (webtiles) character file.

Game seed: 12836564696041450296

14758 mhtbhm the Ninja (level 11, -17/42 HPs)
             Began as a Spriggan Brigand on July 7, 2022.
             Was the Champion of Dithmenos.
             Killed from afar by a fire giant (23 damage)
             ... with a bolt of fire
             ... in the Dungeon (Sprint I: "Red Sonja").
             The game lasted 00:12:07 (4017 turns).

mhtbhm the Ninja (Spriggan Brigand)                 Turns: 4017, Time: 00:12:08

Health: -17/42     AC:  5    Str:  7      XL:     11   Next: 92%
Magic:  18/18      EV: 28    Int:  7 (9)  God:    Dithmenos [******]
Gold:   1381       SH:  5    Dex: 23      Spells: 10/10 levels left

rFire   + . .      SeeInvis +   a - +2 rapier (venom)
rCold   . . .      Faith    .   (no shield)
rNeg    . . .      Spirit   .   b - +2 robe "Mataet" {rF+}
rPois   .          Reflect  +   (helmet restricted)
rElec   .          Harm     .   c - +0 cloak
rCorr   .          Rampage  .   (gloves unavailable)
Will    +....      NoTele   +   (boots unavailable) Stlth #*********
                                t - amulet of reflection
HPRegen 0.14/turn               (no ring)
MPRegen 0.16/turn               (no ring)

@: hasted, wreathed by umbra, very quick
A: very small, no large weapons, unfitting armour, see invisible, speed 3, thin
skeletal structure 1, deterioration 2, dopey 2, frail 3, low MP 1, subdued magic
1
a: Renounce Religion, Shadow Step, Shadow Form


You were in the Dungeon.
You worshipped Dithmenos.
Dithmenos was exalted by your worship.
You visited 1 branch You collected 2499 gold pieces.
You spent 1118 gold pieces at shops.

Inventory:

Hand Weapons
 a - a +2 rapier of venom (weapon)
Missiles
 d - 9 poisoned darts
 m - 4 curare-tipped darts (quivered)
 n - 2 boomerangs
Armour
 b - the +2 robe "Mataet" (worn) {rF+}
   (You bought it in a shop in the Dungeon)

   rF:        It protects you from fire.
 c - a +0 cloak (worn)
Jewellery
 t - an amulet of reflection (around neck)
Scrolls
 e - a scroll of fear {unknown}
 j - a scroll of amnesia
 k - 3 scrolls of blinking
 o - a scroll of vulnerability
 p - a scroll of poison
 q - 2 scrolls of identify
 u - a scroll of fog
Potions
 f - 3 potions of curing
 i - 2 potions of magic
 r - a potion of ambrosia
Miscellaneous
 s - a tin of tremorstones (inert)


   Skills:
 + Level 8.8 Fighting
 + Level 14.4 Short Blades
 + Level 11.0 Throwing
 + Level 11.4 Dodging
 O Level 27 Stealth
 + Level 1.5 Shields
 * Level 11.7 Invocations
 + Level 5.7 Evocations


You had 10 spell levels left.
You didn't know any spells.
Your spell library contained the following spells:

 Spells                   Type           Power      Damage    Failure   Level
 Blink                    Tloc           0%         N/A       52%         2
 Iskenderun's Mystic Bla  Conj/Tloc      0%         2d3       99%         4
 Irradiate                Conj/Tmut      0%         3d13      100%        5


Dungeon Overview and Level Annotations

Branches:
Dungeon (1/1)

Altars:
Cheibriados
Dithmenos
Elyvilon
Fedhas
Gozag
Hepliaklqana
Kikubaaqudgha
Makhleb
Nemelex Xobeh
Okawaru
Qazlal
Ru
Sif Muna
Trog
Uskayaw
Vehumet
Wu Jian
Xom
Yredelemnul
Zin
The Shining One
Jiyva
Lugonu

Shops:
D [?[=**(!?!?=!(?*?*=[:


Innate Abilities, Weirdness & Mutations

You are very small and have problems with some larger weapons.
You are too small for most types of armour.
You have supernaturally acute eyesight. (SInv)
You cover ground extremely quickly. (Speed+++)
You have a somewhat thin skeletal structure. (Dex +2, Stealth+)
Your body often deteriorates upon taking damage.
You are very dopey. (Int -4)
You are extremely frail. (-30% HP)
Your magical capacity is low. (-10% MP)
Your spells are a little easier to cast, but a little less powerful.


Message History

The fire giant is poisoned.
Your shadow hits the fire giant with a rapier.
The fire giant barely misses you.
You hit the fire giant.
The fire giant looks as sick as possible!
The fire giant is lightly wounded.
Your shadow hits the fire giant but does no damage.
You hit the fire giant.
The fire giant looks as sick as possible!
The fire giant is lightly wounded.
You hit the fire giant.
The fire giant is lightly wounded.
The fire giant hits you with a +1 great sword of flaming!!
You emit a cloud of dark smoke.
You puncture the fire giant!
The fire giant looks as sick as possible!
You punch the fire giant, but do no damage.
The fire giant is moderately wounded.
Your shadow barely misses the fire giant.
You hit the fire giant but do no damage.
The fire giant is moderately wounded.
Your shadow hits the fire giant with a rapier.
You hit the fire giant but do no damage.
The fire giant looks as sick as possible!
The fire giant is moderately wounded.
Your shadow hits the fire giant but does no damage.
The fire giant hits you with a +1 great sword of flaming!
* * * LOW HITPOINT WARNING * * *
You emit a cloud of dark smoke.
The fire giant burns you.
* * * LOW HITPOINT WARNING * * *
There is an open door, spattered with blood here.
The tremorstone explodes into fragments!
Unknown command.
Okay, then.
The tremorstone explodes into fragments!
The tin is emptied!
The fire giant casts a spell at you. The bolt of fire hits you!! You resist.
Ouch! That really hurt!
You die...

###############################
#<.#..)..#.)§§§#§§#..'..)#((#..
#..)..#..'..#§§C§§'..#..)##'#§#
#..#####'#####§#§§####)..'..#§#
#..####..#...#@####§.#####..'C#
#..#__####..##.#≈≈§§.#..##'####
#..#_____##'#_)§§≈§§§'..#...
#⌠⌠#_.∩...'..._#§≈§..#§.#.○.○
####_..__##_.#'##'#####'###.°°
#_____###)#[#.§..###.'.#...#
############.####'###.###.#..##
#∩........'...'.....'.∩##.#..#
###''''####...###########§#


You could see a fire giant (extremely poisoned).

Vanquished Creatures
  A lorocyproca (D)
  A hydra (D)
  2 centaur warriors (D)
  Sonja (D)
  A deep troll (D)
  A lindwurm (D)
  An oklob plant (D)
  8 shining eyes (D)
  A gargoyle (D)
  7 unseen horrors (D)
  2 demonic crawlers (D)
  2 kobold demonologists (D)
  A hornet (D)
  A slime creature (D)
  Sigmund (D)
  A yak (D)
  13 hogs (D)
  2 redbacks (D)
  7 floating eyes (D)
  An ogre (D)
  7 necrophages (D)
  8 jellies (D)
  Ijyb (D)
  A ballistomycete spore (D)
72 creatures vanquished.

Vanquished Creatures (others)
  A ballistomycete spore (D)
1 creature vanquished.

Grand Total: 73 creatures vanquished

Notes
Turn   | Place    | Note
-------+----------+-------------------------------------------
     0 | D        | mhtbhm the Spriggan Brigand began the quest for the Orb.
     0 | D        | Reached XP level 1. HP: 10/10 MP: 2/2
     2 | D        | Noticed Ijyb
     6 | D        | Killed Ijyb
     7 | D        | Reached skill level 9 in Stealth
     7 | D        | Reached XP level 2. HP: 15/15 MP: 3/3
   122 | D        | Noticed an ogre
   128 | D        | Killed an ogre
   129 | D        | Reached skill level 12 in Stealth
   129 | D        | Reached XP level 3. HP: 19/19 MP: 4/4
   129 | D        | Reached XP level 4. HP: 23/23 MP: 5/5
   154 | D        | Noticed Sigmund
   156 | D        | Killed Sigmund
   157 | D        | Reached skill level 16 in Stealth
   157 | D        | Reached XP level 5. HP: 28/28 MP: 6/6
   169 | D        | Found an ornate altar of the Wu Jian Council.
   169 | D        | Found a shimmering blue altar of Sif Muna.
   171 | D        | Found a radiant altar of Vehumet.
   176 | D        | Reached XP level 6. HP: 32/32 MP: 7/7
   177 | D        | Found Fasohari's Jewellery Emporium.
   177 | D        | Found an ancient bone altar of Kikubaaqudgha.
   177 | D        | Found a hazy altar of Hepliaklqana.
   177 | D        | Found a stormy altar of Qazlal.
   177 | D        | Found a hide-covered altar of Uskayaw.
   177 | D        | Found a blossoming altar of Fedhas.
   177 | D        | Found a bloodstained altar of Trog.
   177 | D        | Found an iron altar of Okawaru.
   177 | D        | Found a basalt altar of Yredelemnul.
   177 | D        | Found a glowing golden altar of the Shining One.
   177 | D        | Found a snail-covered altar of Cheibriados.
   177 | D        | Found a sacrificial altar of Ru.
   177 | D        | Found a glowing silver altar of Zin.
   177 | D        | Found a shadowy altar of Dithmenos.
   177 | D        | Found a white marble altar of Elyvilon.
   177 | D        | Noticed a yak
   187 | D        | Killed a yak
   188 | D        | Reached skill level 5 in Throwing
   188 | D        | Reached skill level 18 in Stealth
   200 | D        | Found an opulent altar of Gozag.
   444 | D        | Found a sparkling altar of Nemelex Xobeh.
   452 | D        | Became a worshipper of Dithmenos the Shadowed
   480 | D        | Noticed Sonja
   486 | D        | Killed Sonja
   487 | D        | Reached skill level 5 in Short Blades
   487 | D        | Reached skill level 21 in Stealth
   487 | D        | Reached skill level 1 in Evocations
   487 | D        | Reached XP level 7. HP: 38/38 MP: 8/8
   625 | D        | Found Leda's Armour Boutique.
   657 | D        | Found a burning altar of Makhleb.
   657 | D        | Found a viscous altar of Jiyva.
   657 | D        | Found a shimmering altar of Xom.
   657 | D        | Found a corrupted altar of Lugonu.
   657 | D        | Noticed a slime creature
   660 | D        | Killed a slime creature
   661 | D        | Reached XP level 8. HP: 42/42 MP: 9/9
   674 | D        | Noticed a kobold demonologist
   675 | D        | Noticed a kobold demonologist
   677 | D        | Killed a kobold demonologist
   677 | D        | Reached * piety under Dithmenos
   678 | D        | Reached skill level 22 in Stealth
   679 | D        | Reached skill level 23 in Stealth
   679 | D        | Reached skill level 1 in Invocations
   680 | D        | Killed a kobold demonologist
   681 | D        | Reached skill level 5 in Fighting
   715 | D        | Noticed a deep troll
   726 | D        | Killed a deep troll
   726 | D        | Reached ** piety under Dithmenos
   727 | D        | Reached skill level 24 in Stealth
   727 | D        | Reached XP level 9. HP: 47/47 MP: 10/12
   737 | D        | Found Xentik's Armour Emporium.
   740 | D        | Got Pocw's Teachings on Quantum Evolution
   751 | D        | Bought the +2 robe "Mataet" {rF+} for 345 gold pieces
   841 | D        | Noticed a centaur warrior
   841 | D        | Noticed a centaur warrior
   860 | D        | Killed a centaur warrior
   861 | D        | Reached skill level 25 in Stealth
   871 | D        | Killed a centaur warrior
   872 | D        | Reached skill level 5 in Invocations
  1288 | D        | Noticed an oklob plant
  1290 | D        | Killed an oklob plant
  1290 | D        | Reached *** piety under Dithmenos
  1291 | D        | Reached skill level 5 in Dodging
  1291 | D        | Reached skill level 26 in Stealth
  1291 | D        | Reached XP level 10. HP: 53/53 MP: 15/15
  1301 | D        | Reached skill level 10 in Throwing
  1357 | D        | Reached **** piety under Dithmenos
  1562 | D        | Reached ***** piety under Dithmenos
  1654 | D        | Reached skill level 27 in Stealth
  1697 | D        | Found Wuxe's General Store.
  1698 | D        | Found Ruxt's Jewellery Emporium.
  1699 | D        | Found Pinawaf's Book Emporium.
  1700 | D        | Reached ****** piety under Dithmenos
  1721 | D        | Found Sethrocup's Distillery.
  1721 | D        | Found Ytiobu's Weapon Shop.
  1721 | D        | Found Cechih's Magic Scroll Boutique.
  1723 | D        | Found Idutug's Distillery.
  1723 | D        | Found Yshrompoff's Magic Scroll Shop.
  1723 | D        | Found Suecw's Jewellery Shoppe.
  1723 | D        | Found Juvacigg's Distillery.
  1723 | D        | Found Eragaed's Antique Weapon Emporium.
  1723 | D        | Found Barinuot's Magic Scroll Shop.
  1723 | D        | Found Doukos's General Store.
  1725 | D        | Found Suang's Magic Scroll Boutique.
  1738 | D        | Bought an amulet of reflection for 300 gold pieces
  1760 | D        | Bought a +2 rapier of venom for 235 gold pieces
  1764 | D        | Bought a scroll of blinking for 97 gold pieces
  1764 | D        | Bought a scroll of blinking for 97 gold pieces
  1772 | D        | Bought a scroll of fog for 22 gold pieces
  1772 | D        | Bought a scroll of identify for 22 gold pieces
  2075 | D        | Noticed a shining eye
  2075 | D        | Noticed a shining eye
  2075 | D        | Noticed a shining eye
  2075 | D        | Noticed a shining eye
  2075 | D        | Noticed a shining eye
  2075 | D        | Noticed a shining eye
  2075 | D        | Gained mutation: Your spells are a little easier to cast,
                  | but a little less powerful. [a shining eye]
  2078 | D        | Noticed a shining eye
  2078 | D        | Noticed a shining eye
  2080 | D        | Killed a shining eye
  2080 | D        | Gained mutation: You are weak. (Str -2) [a shining eye]
  2083 | D        | Killed a shining eye
  2083 | D        | Gained mutation: You are very weak. (Str -4) [a shining
                  | eye]
  2086 | D        | Gained mutation: You are frail. (-10% HP) [a shining eye]
  2091 | D        | Gained mutation: Your magical capacity is low. (-10% MP) [a
                  | shining eye]
  2093 | D        | Gained mutation: You occasionally lose the ability to read
                  | scrolls when taking damage. [a shining eye]
  2096 | D        | Gained mutation: You are dopey. (Int -2) [a shining eye]
  2099 | D        | Gained mutation: Your magical capacity is very low. (-20%
                  | MP) [a shining eye]
  2101 | D        | Killed a shining eye
  2101 | D        | Gained mutation: You occasionally shout uncontrollably at
                  | your foes. [a shining eye]
  2103 | D        | Killed a shining eye
  2103 | D        | Paralysed by a floating eye for 3 turns
  2106 | D        | Gained mutation: Your spells are easier to cast, but less
                  | powerful. [a shining eye]
  2109 | D        | Lost mutation: You occasionally lose the ability to read
                  | scrolls when taking damage. [a shining eye]
  2110 | D        | Paralysed by a floating eye for 3 turns
  2111 | D        | Gained mutation: Armour fits poorly on your strangely
                  | shaped body. [a shining eye]
  2116 | D        | Killed a shining eye
  2117 | D        | Reached XP level 11. HP: 52/52 MP: 12/15
  2117 | D        | Gained mutation: You are very frail. (-20% HP) [a shining
                  | eye]
  2121 | D        | Gained mutation: Your body sometimes deteriorates upon
                  | taking damage. [a shining eye]
  2123 | D        | Gained mutation: Your magical capacity is extremely low.
                  | (-30% MP) [a shining eye]
  2125 | D        | Gained mutation: You are extremely frail. (-30% HP) [a
                  | shining eye]
  2127 | D        | Gained mutation: Your body often deteriorates upon taking
                  | damage. [a shining eye]
  2129 | D        | Killed a shining eye
  2130 | D        | Reached skill level 10 in Short Blades
  2130 | D        | Reached skill level 5 in Evocations
  2133 | D        | Killed a shining eye
  2134 | D        | Gained mutation: You are very dopey. (Int -4) [a shining
                  | eye]
  2146 | D        | Killed a shining eye
  2147 | D        | Reached skill level 10 in Invocations
  2248 | D        | Found Muwn's Assorted Antiques.
  2248 | D        | Found Poacw's Magic Scroll Shoppe.
  2248 | D        | Found Yliwu's Assorted Antiques.
  2248 | D        | Found Ropeheh's Antique Armour Emporium.
  2255 | D        | Lost mutation: Armour fits poorly on your strangely shaped
                  | body. [potion of mutation]
  2255 | D        | Lost mutation: You occasionally shout uncontrollably at
                  | your foes. [potion of mutation]
  2255 | D        | Lost mutation: Your magical capacity is extremely low.
                  | (-30% MP) [potion of mutation]
  2256 | D        | Lost mutation: You are very weak. (Str -4) [potion of
                  | mutation]
  2256 | D        | Lost mutation: Your spells are easier to cast, but less
                  | powerful. [potion of mutation]
  2256 | D        | Lost mutation: You are weak. (Str -2) [potion of mutation]
  2256 | D        | Lost mutation: Your magical capacity is very low. (-20% MP)
                  | [potion of mutation]
  2256 | D        | Gained mutation: You have a somewhat thin skeletal
                  | structure. (Dex +2, Stealth+) [potion of mutation]
  2548 | D        | Noticed a lorocyproca
  2551 | D        | Killed a lorocyproca
  2563 | D        | Noticed a lindwurm
  2572 | D        | Killed a lindwurm
  2573 | D        | Reached skill level 10 in Dodging
  2878 | D        | Reached skill level 1 in Shields
  2972 | D        | Noticed a 12-headed hydra
  2974 | D        | Killed a 12-headed hydra
  3039 | D        | Noticed a shadow dragon
  3040 | D        | Noticed a golden dragon
  3258 | D        | Noticed a daeva
  3863 | D        | Noticed a fire giant
  3864 | D        | Noticed a fire giant
  3864 | D        | Noticed a fire giant
  3864 | D        | Noticed a fire giant
  4017 | D        | Killed from afar by a fire giant

Illustrated notes

Levels and vault maps discovered:
D:        dungeon_sprint_1 [red_sonja_temple_1, red_sonja_temple_small_1]

Skill      XL: |  1  2  3  4  5  6  7  8  9 10 11 |
---------------+----------------------------------+-----
Fighting       | 2 3 4 5 6 8 |  8.8
Stealth        | 9 12 16 21 24 26 27 | 27.0
Short Blades   | 3 4 5 6 7 9 14 | 14.4
Throwing       | 3 4 7 8 9 10 11 | 11.0
Dodging        | 2 3 5 8 11 | 11.4
Evocations     | 1 3 4 5 |  5.7
Invocations    | 3 6 9 11 | 11.7
Shields        | 1 |  1.5

Action                   |  1- 3 |  4- 6 |  7- 9 | 10-12 || total
-------------------------+-------+-------+-------+-------++-------
Melee: Dagger            |       |     4 |    35 |    98 ||   137
       Rapier            |       |       |       |   195 ||   195
       Punch             |       |       |       |     7 ||     7
Throw: Dart              |     5 |     6 |    10 |     6 ||    27
       Boomerang         |       |       |     3 |       ||     3
Invok: Shadow Step       |       |       |       |     3 ||     3
Evoke: Wand              |     1 |     2 |     1 |     1 ||     5
       Tin of tremorston |       |       |       |     5 ||     5
  Use: Potion            |       |       |     1 |     5 ||     6
       Scroll            |       |       |       |     5 ||     5
 Stab: Sleeping          |       |     2 |     5 |    19 ||    26
       Distracted        |       |       |       |     2 ||     2
Armor: Robe              |       |       |     7 |    12 ||    19
Dodge: Dodged            |       |       |    30 |   173 ||   203
Block: Other             |       |       |       |    17 ||    17

Table legend: (Time is in decaauts)
 A = Elapsed time spent in this place.
 B = Non-inter-level travel time spent in this place.
 C = Inter-level travel time spent in this place.
 D = Time resting spent in this place.
 E = Time spent auto-exploring this place.
 F = Levels seen in this place.
 G = Mean time per level.
                   A        B        C        D        E       F      G
               +--------+--------+--------+--------+--------+-----+--------+
         Total |   3480 |   3448 |     32 |   2450 |      0 |   1 | 3480.0 |
       Dungeon |   3480 |   3448 |     32 |   2450 |      0 |   1 | 3480.0 |
               +--------+--------+--------+--------+--------+-----+--------+

Top non-repeatable levels by time:
       D: 3480 daAuts
